 Dungeon Crawl Stone Soup version 0.29-a0-923-g6e406bff71 (webtiles) character file.

Game seed: 14465085768056103831

65 xian the Shooter (level 3, 0/21 HPs)
             Began as a Deep Elf Hunter on July 28, 2022.
             Slain by a gnoll
             ... wielding a +0 spear
              (9 damage)
             ... on level 2 of the Dungeon.
             The game lasted 00:01:46 (940 turns).

xian the Shooter (Deep Elf Hunter)                   Turns: 940, Time: 00:01:48

Health: 0/21       AC:  3    Str:  8    XL:     3   Next: 92%
Magic:  5/5        EV: 12    Int: 13    God:
Gold:   66         SH:  0    Dex: 20    Spells: 2/2 levels left

rFire   . . .      SeeInvis .   a - +0 shortbow (freeze)
rCold   . . .      Faith    .   (shield currently unavailable)
rNeg    . . .      Spirit   .   c - +0 leather armour
rPois   .          Reflect  .   (no helmet)
rElec   .          Harm     .   (no cloak)
rCorr   .          Rampage  .   (no gloves)
Will    .....                   (no boots)
Stlth   ++........              (no amulet)
HPRegen 0.07/turn               (no ring)
MPRegen 0.09/turn               (no ring)

@: no status effects
A: no striking features
a: no special abilities


You were on level 2 of the Dungeon.
You visited 1 branch of the dungeon, and saw 2 of its levels.

You collected 66 gold pieces.

Inventory:

Hand Weapons
 a - a +0 shortbow of freezing (weapon)
Armour
 c - a +0 leather armour (worn)
Jewellery
 n - a ring of poison resistance
Scrolls
 b - 4 scrolls of immolation
 i - a scroll of brand weapon
 k - a scroll of torment {unknown}
 l - a scroll of magic mapping
Potions
 d - a potion of mutation {unknown}
 e - 2 potions of berserk rage {unknown}
 f - a potion of heal wounds {unknown}
 g - 2 potions of magic
 h - a potion of might {unknown}
 j - a potion of cancellation {unknown}


   Skills:
 + Level 2.0 Fighting
 + Level 7.0 Ranged Weapons
 + Level 2.5 Dodging
 + Level 1.2 Stealth


You had 2 spell levels left.
You didn't know any spells.
Your spell library was empty.

Dungeon Overview and Level Annotations

Branches:
Dungeon (2/15)

Altars:


Message History

A gnoll comes into view. It is wielding a +0 flail.
The gnoll shouts!
You hear a shout!
You shoot an arrow. The arrow hits the gnoll!
The arrow freezes the gnoll.
The gnoll is severely wounded.
A gnoll comes into view. It is wielding a +0 spear.
The gnoll barely misses you.
You shoot an arrow. The arrow hits the gnoll!
The arrow freezes the gnoll.
You kill the gnoll!
A gnoll comes into view. It is wielding a +0 whip.
You shoot an arrow. The arrow hits the gnoll!
The arrow freezes the gnoll.
The gnoll is severely wounded.
You shoot an arrow. The arrow closely misses the gnoll.
The gnoll hits you with a +0 flail! The gnoll completely misses you.
You shoot an arrow. The arrow hits the gnoll!
The arrow freezes the gnoll.
You kill the gnoll!
A kobold comes into view. It is wielding a +0 dagger.
The gnoll hits you from afar with a +0 spear.
Your Ranged Weapons skill increases to level 7!
You are too injured to fight recklessly!
You are too injured to fight recklessly!
You are too injured to fight recklessly!
You are too injured to fight recklessly!
You are too injured to fight recklessly!
You are too injured to fight recklessly!
Fire: a) +0 shortbow (freeze)
Press: ? - help, Q - select action Shift-Dir - straight line, f - gnoll
Aim: a gnoll, wielding a +0 spear (69% to hit)
You shoot an arrow. The arrow hits the gnoll!
The arrow freezes the gnoll.
The gnoll is almost dead.
The gnoll closely misses you.
Unknown command.
Fire: a) +0 shortbow (freeze)
Press: ? - help, Q - select action Shift-Dir - straight line, f/p - gnoll
Aim: a gnoll, wielding a +0 spear (almost dead, 69% to hit)
You shoot an arrow. The arrow barely misses the gnoll.
The arrow hits the gnoll!
The arrow freezes the gnoll.
You kill the gnoll!
The gnoll hits you from afar with a +0 spear!
You die...

######.#####.#
#.###.##
#.Kg.)....##.#
#.##.... #.##.##.#
#.##..## #.##.##.#
#.##..# #K......#
#)##..# #)......#
#.....## #g##.##.#
####.... #.##.##.#
####. #@##.##.# #.
#.#..##.# #.
#.#.###.# #. #.#.#
#.# #. #.#.###.# ##.
###.......########..
+...................
###....##.########..
#.#.###.# ##.


You could see a gnoll and a kobold.

Vanquished Creatures
  3 gnolls (D:2)
  2 adders (D:2)
  A dart slug (D:1)
  2 ball pythons
  7 bats
  2 endoplasms (D:1)
  A giant cockroach (D:1)
  2 goblins
  A hobgoblin (D:2)
  A frilled lizard (D:1)
  A kobold (D:2)
  3 rats (D:1)
26 creatures vanquished.

Vanquished Creatures (others)
  A fungus (D:1)
1 creature vanquished.

Grand Total: 27 creatures vanquished

Notes
Turn   | Place    | Note
-------+----------+-------------------------------------------
     0 | D:1      | xian the Deep Elf Hunter began the quest for the Orb.
     0 | D:1      | Reached XP level 1. HP: 12/12 MP: 3/3
   150 | D:1      | Reached XP level 2. HP: 16/16 MP: 4/4
   169 | D:1      | Reached skill level 6 in Ranged Weapons
   279 | D:1      | Found a faded altar of an unknown god.
   544 | D:2      | Reached XP level 3. HP: 21/21 MP: 5/5
   933 | D:2      | Reached skill level 7 in Ranged Weapons
   940 | D:2      | Slain by a gnoll

Illustrated notes

Levels and vault maps discovered:
D:1:      minmay_arrival_diagonal_passages, layout_rooms,
          shapermc_ecumenical_altar_acropolis, serial_bayou_lagoon_a,
          minmay_3d_cube
D:2:      layout_loops_corners

Skill      XL: |  1  2  3 |
---------------+----------+-----
Ranged Weapons | 6 7 |  7.0
Fighting       | 2 |  2.0
Dodging        | |  2.5
Stealth        | |  1.2

Action                   || total
-------------------------++-------
 Fire: Shortbow          ||    43
  Use: Scroll            ||     6
Armor: Leather armour    ||     7
Dodge: Dodged            ||    15

Table legend: (Time is in decaauts)
 A = Elapsed time spent in this place.
 B = Non-inter-level travel time spent in this place.
 C = Inter-level travel time spent in this place.
 D = Time resting spent in this place.
 E = Time spent auto-exploring this place.
 F = Levels seen in this place.
 G = Mean time per level.
                   A        B        C        D        E       F      G
               +--------+--------+--------+--------+--------+-----+--------+
         Total |    959 |    959 |      0 |      0 |    820 |   2 |  479.5 |
       Dungeon |    959 |    959 |      0 |      0 |    820 |   2 |  479.5 |
               +--------+--------+--------+--------+--------+-----+--------+

Top non-repeatable levels by time:
     D:1: 517 daAuts
     D:2: 441 daAuts
